 Dungeon Crawl Stone Soup version 0.29.1-1-gd02db6906a (webtiles) character file.

Game seed: 3660805588976312188

4176 safid the Marksminotaur (level 10, -2/115 HPs)
             Began as a Minotaur Hunter on Oct 4, 2022.
             Was a Believer of Okawaru.
             Slain by a vampire
             ... wielding a +1 vampiric halberd
              (13 damage)
             ... in a bailey.
             The game lasted 00:16:13 (10669 turns).

safid the Marksminotaur (Minotaur Hunter)          Turns: 10669, Time: 00:16:13

Health: -2/115     AC: 25    Str: 16    XL:     10   Next: 8%
Magic:  0/10       EV:  2    Int:  6    God:    Okawaru [**....]
Gold:   668        SH:  0    Dex: 24    Spells: 9/9 levels left

rFire   . . .      SeeInvis +   a - +0 shortbow
rCold   . . .      Faith    .   (shield currently unavailable)
rNeg    . . .      Spirit   +   (body armour currently unavailable)
rPois   +          Reflect  .   (helmet currently unavailable)
rElec   .          Harm     .   (cloak currently unavailable)
rCorr   .          Rampage  .   (gloves currently unavailable)
Will    .....      NoTele   +   (boots currently unavailable)
Stlth   ++++......              r - amulet of guardian spirit
HPRegen 0.29/turn               d - +6 ring of dexterity
MPRegen 0.12/turn               g - ring of see invisible

@: tree-form, heroic
A: stationary, stasis, torment immunity, boosted hp, (horns 2), (retaliatory
headbutt)
a: Renounce Religion, Heroism


You were in a bailey.
You worshipped Okawaru.
Okawaru was pleased with you.
You were a tree.
You visited 2 branches of the dungeon, and saw 10 of its levels.
You also visited: Bailey.

You collected 716 gold pieces.
You spent 48 gold pieces at shops.

Inventory:

Hand Weapons
 a - a +0 shortbow (weapon)
Missiles
 h - 7 curare-tipped darts
 y - 6 silver javelins
Armour
 c - a +0 leather armour (melded)
 e - a +0 pair of gloves (melded)
Jewellery
 d - a +6 ring of dexterity (left branch)
 g - a ring of see invisible (right branch)
 r - an amulet of guardian spirit (around neck)
 A - a ring of resist corrosion
Wands
 b - a wand of roots (11)
 o - a wand of charming (10)
 q - a wand of digging (6)
Scrolls
 f - a scroll of butterflies {unknown}
 i - a scroll of summoning {unknown}
 s - 4 scrolls of teleportation
 t - 3 scrolls of blinking {unknown}
 u - a scroll of fear {unknown}
 x - a scroll of enchant weapon {unknown}
 B - 2 scrolls of identify
Potions
 j - a potion of haste
 k - 4 potions of flight {unknown}
 l - 4 potions of curing
 m - a potion of might {unknown}
 n - 3 potions of brilliance {unknown}
 p - 2 potions of resistance
 v - a potion of lignification
 w - a potion of berserk rage {unknown}
 z - a potion of attraction {unknown}


   Skills:
 - Level 3.0(8.0) Fighting
 - Level 16.0(21.0) Ranged Weapons
 - Level 2.1(7.1) Dodging
 - Level 0.7(5.7) Stealth
 + Level 1.6 Invocations


You had 9 spell levels left.
You didn't know any spells.
Your spell library contained the following spells:

 Spells                   Type           Power      Damage    Failure   Level
 Sting                    Tmut/Pois      0%         1d3       45%         1
 Ensorcelled Hibernation  Hex/Ice        0%         N/A       58%         2
 Poisonous Vapours        Pois/Air       0%         N/A       58%         2
 Conjure Flame            Conj/Fire      0%         6-21      83%         3
 Ignite Poison            Fire/Tmut/Pois 0%         N/A       83%         3
 Spider Form              Tmut/Pois      0%         N/A       83%         3
 Anguish                  Hex/Necr       0%         N/A       99%         4
 Olgreb's Toxic Radiance  Pois           0%         N/A       99%         4
 Sticky Flame             Conj/Fire      0%         2d3       99%         4


Dungeon Overview and Level Annotations

Branches:
Dungeon (9/15)             Temple (1/1) D:5            Lair (0/5) D:9
 Bailey (1/1)
    Orc: D:9-12

Altars:
Cheibriados
Dithmenos
Elyvilon
Fedhas
Gozag
Hepliaklqana
Kikubaaqudgha
Makhleb
Nemelex Xobeh
Okawaru
Qazlal
Ru
Sif Muna
Uskayaw
Vehumet
Wu Jian
Xom
Yredelemnul
Zin
The Shining One
Jiyva

Shops:
D:2 ?

Annotations:
D:6 1 runed translucent door, Crazy Yiuf, Eustachio


Innate Abilities, Weirdness & Mutations

You are a tree.
Your roots penetrate the ground, keeping you stationary.
You cannot be teleported.
You are immune to unholy pain and torment.
Your maximum health is greatly increased.
Your equipment is partially melded.
((You have a pair of horns on your head.))
((You reflexively headbutt those who attack you in melee.))


Message History

The arrow completely misses the vampire.
Fire: a) +0 shortbow
Press: ? - help, Q - select action, (/) - cycle Shift-Dir - straight line, f/p - vampire
Aim: a vampire, wielding a +1 vampiric halberd and wearing a +0 chain mail (moderately damaged, slightly transparent, 79% to hit)
You shoot an arrow. The arrow closely misses the vampire.
The vampire hits you but does no damage.
Fire: a) +0 shortbow
Press: ? - help, Q - select action, (/) - cycle Shift-Dir - straight line, f/p - vampire
Aim: a vampire, wielding a +1 vampiric halberd and wearing a +0 chain mail (moderately damaged, slightly transparent, 79% to hit)
You shoot an arrow.
The arrow hits the vampire but does no damage.
The vampire is moderately damaged.
The vampire hits you but does no damage.
Fire: a) +0 shortbow
Press: ? - help, Q - select action, (/) - cycle Shift-Dir - straight line, f/p - vampire
Aim: a vampire, wielding a +1 vampiric halberd and wearing a +0 chain mail (moderately damaged, slightly transparent, 79% to hit)
You shoot an arrow. The arrow barely misses the vampire.
Unknown command.
Fire: a) +0 shortbow
Press: ? - help, Q - select action, (/) - cycle Shift-Dir - straight line, f/p - vampire
Aim: a vampire, wielding a +1 vampiric halberd and wearing a +0 chain mail (moderately damaged, slightly transparent, 79% to hit)
You shoot an arrow. The arrow hits the vampire.
The vampire is moderately damaged.
The vampire hits you from afar with a +1 vampiric halberd!
* * * LOW HITPOINT WARNING * * *
Fire: a) +0 shortbow
Press: ? - help, Q - select action, (/) - cycle Shift-Dir - straight line, f/p - vampire
Aim: a vampire, wielding a +1 vampiric halberd and wearing a +0 chain mail (moderately damaged, slightly transparent, 79% to hit)
You shoot an arrow.
The arrow hits the vampire but does no damage.
The vampire is moderately damaged.
The vampire hits you but does no damage.
Fire: a) +0 shortbow
Press: ? - help, Q - select action, (/) - cycle Shift-Dir - straight line, f/p - vampire
Aim: a vampire, wielding a +1 vampiric halberd and wearing a +0 chain mail (moderately damaged, slightly transparent, 79% to hit)
You shoot an arrow.
The arrow hits the vampire but does no damage.
The vampire is moderately damaged.
The vampire hits you from afar with a +1 vampiric halberd!
You die...

#.÷.#.♣......♣..#..).#..
#[÷.#..♣...♣....#..#'##'
#####...........#..#....
#........#...####....
#.......####.)..'....
#8.....##..##...'....
#########....#...#....
#8..............)#....
#....♣....#......#+###
###''##...##.....# #..V
##...####### #....
##.......8# #...##
#8......8# #..#
########## #.. #.


You could see a vampire (invisible).

Vanquished Creatures
  Erica (D:8)
  A gargoyle (Bailey)
  A hornet (D:7)
  Sigmund (D:6)
  A wyvern (D:9)
  2 ice beasts
  A sky beast (D:6)
  A black bear (D:8)
  5 ogres
  A centaur (D:7)
  2 kobold brigands (D:7)
  Blork the orc (D:6)
  A bullfrog (D:7)
  A necrophage (D:8)
  4 wights (D:7)
  8 vampire bats (Bailey)
  A howler monkey (D:5)
  5 wolf zombies (Bailey)
  4 hounds
  5 orc priests
  A jelly (D:8)
  2 iguanas
  5 orc wizards
  A hound skeleton (D:8)
  7 gnolls
  6 adders
  2 white imps (D:6)
  2 ufetubi
  6 worms
  3 dart slugs
  36 orcs
  5 bats
  8 endoplasms
  3 giant cockroaches
  11 goblins
  7 hobgoblins
  7 jackals
  5 quokkas
  5 ball pythons
  4 frilled lizards
  19 kobolds
  15 orc zombies (Bailey)
  9 rats
216 creatures vanquished.

Vanquished Creatures (others)
  A plant (D:3)
1 creature vanquished.

Grand Total: 217 creatures vanquished

Notes
Turn   | Place    | Note
-------+----------+-------------------------------------------
     0 | D:1      | safid the Minotaur Hunter began the quest for the Orb.
     0 | D:1      | Reached XP level 1. HP: 18/18 MP: 0/0
   162 | D:1      | Reached XP level 2. HP: 26/26 MP: 1/1
   301 | D:1      | Reached skill level 5 in Ranged Weapons
   535 | D:1      | Reached XP level 3. HP: 31/31 MP: 2/2
  1293 | D:2      | Found Tyire's Magic Scroll Emporium.
  1302 | D:2      | Bought a scroll of noise for 12 gold pieces
  1302 | D:2      | Bought a scroll of teleportation for 36 gold pieces
  1466 | D:2      | Reached skill level 6 in Ranged Weapons
  1466 | D:2      | Reached XP level 4. HP: 33/38 MP: 3/3
  2471 | D:3      | Reached XP level 5. HP: 45/45 MP: 4/4
  2472 | D:3      | Found a faded altar of an unknown god.
  2656 | D:3      | Reached skill level 7 in Ranged Weapons
  2862 | D:3      | Found a blossoming altar of Fedhas.
  3168 | D:3      | Found a shimmering altar of Xom.
  3383 | D:4      | Reached XP level 6. HP: 44/51 MP: 5/5
  3491 | D:4      | Reached skill level 8 in Ranged Weapons
  3788 | D:4      | Found a shadowy altar of Dithmenos.
  4184 | D:4      | Reached skill level 9 in Ranged Weapons
  4485 | D:5      | Entered Level 5 of the Dungeon
  4541 | D:5      | Found a staircase to the Ecumenical Temple.
  4548 | Temple   | Entered the Ecumenical Temple
  4734 | D:5      | Reached XP level 7. HP: 9/57 MP: 1/6
  5142 | D:5      | Reached skill level 10 in Ranged Weapons
  5419 | D:5      | Found a sparkling altar of Nemelex Xobeh.
  5900 | D:6      | Noticed Sigmund
  5900 | D:6      | Noticed Blork the orc
  5900 | D:6      | Found an iron altar of Okawaru.
  6140 | D:6      | Reached XP level 8. HP: 61/63 MP: 7/7
  6192 | D:6      | Killed Sigmund
  6193 | D:6      | Reached skill level 11 in Ranged Weapons
  6450 | D:6      | Killed Blork the orc
  6451 | D:6      | Reached skill level 12 in Ranged Weapons
  6479 | D:6      | Became a worshipper of Warmaster Okawaru
  6718 | D:6      | Found a runed translucent door.
  6719 | D:6      | Noticed Crazy Yiuf
  6721 | D:6      | Noticed Eustachio
  6975 | D:7      | Noticed a hornet
  6980 | D:7      | Paralysed by a hornet for 1 turns
  6982 | D:7      | Killed a hornet
  6983 | D:7      | Reached skill level 13 in Ranged Weapons
  7317 | D:7      | Found a white marble altar of Elyvilon.
  7347 | D:7      | Reached * piety under Okawaru
  7348 | D:7      | Reached XP level 9. HP: 65/69 MP: 8/8
  8178 | D:8      | Noticed Erica
  8292 | D:8      | Killed Erica
  8292 | D:8      | Reached ** piety under Okawaru
  8293 | D:8      | Reached skill level 14 in Ranged Weapons
  8573 | D:8      | Found a hazy altar of Hepliaklqana.
  9057 | D:8      | Reached skill level 15 in Ranged Weapons
  9288 | D:8      | Found a radiant altar of Vehumet.
  9329 | D:8      | Found a burning altar of Makhleb.
  9624 | D:9      | Found a staircase to the Lair.
  9720 | D:9      | Found a flagged portal.
  9780 | Bailey   | Entered a bailey
 10308 | Bailey   | Noticed a gargoyle
 10313 | Bailey   | Killed a gargoyle
 10314 | Bailey   | Reached skill level 16 in Ranged Weapons
 10314 | Bailey   | Reached skill level 1 in Invocations
 10314 | Bailey   | Reached XP level 10. HP: 51/77 MP: 6/10
 10669 | Bailey   | Slain by a vampire

Illustrated notes

Levels and vault maps discovered:
D:1:      eino_arrival_tree_alley, layout_loops_ring, minmay_misc_feat_encased,
          minivault_26, minmay_misc_feat_five,
          nicolae_concentric_dashed_squares_wild
D:2:      layout_basic, serial_corexii_hall, chequers_hall_statues_y,
          chequers_hall_statues_corner_a, corexii_hall_statues_i,
          chequers_hall_statues_y, chequers_hall_statues_y,
          chequers_hall_statues_wall_a, serial_shops, shop
D:3:      layout_rooms, mainiacjoe_overflow_tiny_flanked,
          mainiacjoe_overflow_24_doors, ebering_ecumenical_altar_mist,
          kennysheep_big_empty_room, serial_bayou_lake_a
D:4:      layout_loops_corners, kennysheep_mini_moat
D:5:      layout_basic, nemelex_xobeh_ov_fountains_minmay,
          minmay_temple_entry_slanted
D:6:      layout_cave_pools, okawaru_metal_pillars_1_2, uniq_crazy_yiuf_cottage,
          uniq_sigmund, uniq_eustachio, uniq_blork_the_orc
D:7:      layout_loops_ring, general_overflow_altar, dreamdust_wishing_well,
          feat_on_display
D:8:      layout_loops_corners, vehumet_crystals, makhleb_blood_cavern_becter,
          lemuel_tele_altar, uniq_erica
D:9:      layout_roguey, mainiacjoe_overflow_boulevard, lair_entry_dummy,
          enter_bailey_3
Temple:   pf_slime_end_temple
Bailey:   bailey_polearm_vampire_castle_hellmonk, bailey

Skill      XL: |  1  2  3  4  5  6  7  8  9 |
---------------+----------------------------+-----
Fighting       | 3 |  3.0
Ranged Weapons | 5 6 7 9 10 13 16 | 16.0
Invocations    | 1 |  1.6
Dodging        | |  2.1
Stealth        | |  0.7

Action                   |  1- 3 |  4- 6 |  7- 9 | 10-12 || total
-------------------------+-------+-------+-------+-------++-------
 Fire: Shortbow          |   105 |   198 |   396 |    47 ||   746
Invok: Heroism           |       |       |     1 |     1 ||     2
  Use: Scroll            |       |       |     8 |       ||     8
       Potion            |       |       |     4 |     2 ||     6
Armor: Leather armour    |     6 |    10 |    58 |     1 ||    75
       Skin              |       |       |       |     5 ||     5
Dodge: Dodged            |    20 |    50 |   133 |    12 ||   215
